Map: Ephemeron LE

Players

Reynor - Winner!

  • Race: Zerg Zerg
  • Spawn Location: 5:00

HeRoMaRinE

  • Race: Terran Terran
  • Spawn Location: 11:00

Event: 2019 WCS Global FInals

VOD

Have the link to the VOD?

Description

Time

  • Played on: Oct. 26, 2019, 3:22 a.m.
  • Length: 21:54

All games in this series

Show
View Real Time Build Order
Export as new Build Order

Reynor Zerg - Winner!

Build Orders: Hatch First, Swarm Host 

Get SALT Encoding   

  12  0:00  Drone  
  13  0:12  Overlord  
  13  0:17  Drone  
  14  0:30  Drone x2  
  16  0:47  Hatchery  
  15  0:50  Drone  
  15  0:55  Drone  
  17  0:58  Drone  
  18  1:08  Extractor  
  17  1:13  Spawning Pool  
  17  1:17  Drone  
  17  1:19  Drone  
  18  1:27  Drone  
  19  1:38  Drone  
  20  1:49  Overlord  
  20  1:59  Queen  
  20  2:00  Zergling x4, Queen  
  26  2:10  Drone x2  
  28  2:21  Drone x2  
  30  2:29  Hatchery  
  29  2:33  Drone x2  
  31  2:38  Metabolic Boost  
  31  2:45  Queen  
  31  2:50  Overlord  
  32  2:53  Drone  
  32  2:55  Drone  
  32  2:57  Drone  
  35  3:08  Drone  
  35  3:10  Overlord  
  35  3:11  Drone  
  37  3:13  Drone x2  
  37  3:14  Drone  
  37  3:19  Overlord  
  40  3:22  Queen  
  40  3:25  Drone  
  43  3:32  Roach Warren, Drone  
  43  3:41  Drone x2  
  43  3:42  Drone  
  43  3:44  Overlord  
  43  3:47  Zergling x6  
  49  3:52  Overlord  
  49  3:53  Drone  
  49  3:55  Drone x2  
  52  4:02  Overlord  
  54  4:13  Roach x6  
  54  4:15  Roach  
  54  4:16  Drone  
  67  4:19  Drone  
  67  4:20  Drone, Extractor  
  68  4:24  Queen  
  68  4:25  Drone  
  68  4:30  Overlord  
  68  4:31  Drone x2  
  73  4:35  Overlord  
  73  4:37  Drone x2  
  75  4:40  Drone x2  
  75  4:42  Overlord  
  75  4:44  Drone  
  79  4:45  Drone  
  79  4:49  Queen  
  79  4:51  Spore Crawler  
  80  4:53  Spore Crawler  
  80  4:55  Drone  
  80  4:56  Drone  
  80  4:59  Drone x2  
  83  5:01  Spore Crawler  
  83  5:03  Drone  
  83  5:06  Overlord  
  83  5:08  Drone x2  
  83  5:09  Drone  
  86  5:14  Ravager x2  
  86  5:19  Drone x4  
  86  5:20  Evolution Chamber x2  
  90  5:24  Extractor  
  90  5:25  Overlord  
  89  5:33  Queen  
  89  5:35  Drone x8  
  99  5:38  Queen  
  101  5:45  Overlord  
  101  5:48  Zerg Missile Weapons Level 1  
  101  5:49  Zerg Melee Weapons Level 1  
  101  5:54  Overlord  
  101  5:55  Drone x2  
  101  5:56  Drone x4, Lair  
  107  5:58  Drone  
  107  5:59  Drone x2  
  110  6:04  Extractor  
  110  6:07  Extractor  
  110  6:08  Extractor  
  107  6:13  Drone x4  
  107  6:14  Overlord, Drone  
  107  6:18  Hatchery  
  107  6:20  Queen  
  107  6:25  Drone x7  
  116  6:26  Drone  
  116  6:30  Queen  
  119  6:33  Overlord  
  119  6:34  Drone  
  109  6:54  Drone x3  
  109  6:55  Drone, Queen  
  109  6:56  Roach x4  
  109  6:58  Glial Reconstitution  
  123  7:02  Baneling Nest  
  123  7:04  Overseer, Pneumatized Carapace  
  123  7:06  Spore Crawler, Queen  
  124  7:08  Spore Crawler  
  124  7:11  Extractor  
  124  7:13  Drone x5  
  122  7:22  Drone  
  122  7:23  Overlord, Drone x4  
  125  7:30  Queen  
  125  7:31  Queen  
  125  7:32  Spore Crawler, Extractor  
  125  7:36  Zergling x16  
  135  7:40  Infestation Pit  
  135  7:41  Drone x2, Queen  
  135  7:43  Ravager x2  
  140  7:46  Zerg Melee Weapons Level 2  
  140  7:47  Zerg Missile Weapons Level 2, Queen  
  140  7:49  Zergling x8  
  146  7:51  Overlord  
  146  7:59  Overlord  
  146  8:05  Overlord  
  146  8:06  Overseer  
  146  8:07  Queen  
  146  8:09  Queen  
  150  8:17  Overlord  
  150  8:21  Ravager  
  150  8:22  Ravager x2  
  150  8:23  Nydus Network, Swarm Host  
  150  8:24  Swarm Host x9  
  150  8:25  Hatchery  
  181  8:27  Roach  
  181  8:30  Overlord  
  181  8:33  Baneling x2  
  181  8:34  Baneling x4  
  177  8:42  Ravager x2  
  177  8:44  Hive  
  177  8:45  Spore Crawler  
  177  8:46  Spore Crawler, Spire  
  176  8:48  Overlord  
  176  8:49  Spore Crawler, Queen  
  177  8:59  Hatchery, Zergling x22  
  177  9:00  Overlord  
  189  9:09  Nydus Canal  
  189  9:11  Queen  
  189  9:12  Drone x2  
  189  9:16  Ravager x3  
  197  9:17  Hatchery, Roach x2, Zergling x4  
  197  9:18  Overseer  
  197  9:21  Centrifical Hooks  
  196  9:33  Nydus Canal  
  196  9:34  Zergling x8  
  199  9:47  Nydus Canal  
  199  9:50  Roach  
  199  9:51  Pathogen Glands  
  199  9:58  Zerg Flyer Armor Level 1  
  199  10:02  Baneling x9, Nydus Canal  
  199  10:18  Zerg Missile Weapons Level 3  
  199  10:23  Zergling x2  
  199  10:24  Zergling x8  
  199  10:26  Zergling x8  
  198  10:29  Zergling x10  
  198  10:30  Zergling x2  
  192  10:37  Zergling x2  
  192  10:38  Zergling x26  
  195  10:46  Nydus Canal  
  195  10:47  Overlord  
  195  10:51  Drone x2  
  195  10:52  Drone  
  195  10:54  Drone x2  
  200  10:59  Baneling x9  
  200  11:01  Burrow  
  200  11:03  Nydus Canal  
  199  11:05  Baneling  
  199  11:06  Baneling x5  
  199  11:08  Spine Crawler  
  199  11:09  Spine Crawler x2  
  196  11:11  Spore Crawler  
  196  11:12  Zerg Melee Weapons Level 3  
  196  11:13  Spore Crawler  
  196  11:14  Nydus Canal  
  182  11:19  Zergling x24  
  182  11:22  Roach, Zergling x18  
  182  11:23  Zergling x6  
  198  11:25  Roach x2  
  198  11:32  Zergling x6  
  192  11:34  Roach x2  
  190  11:46  Drone x4  
  194  11:50  Ravager x2  
  194  11:51  Baneling x7, Ravager  
  194  11:54  Adrenal Glands, Zerg Flyer Armor Level 2  
  197  11:56  Drone  
  194  12:07  Nydus Canal  
  194  12:13  Extractor  
  194  12:15  Extractor  
  192  12:21  Zergling x24  
  199  12:25  Hatchery, Zergling x4  
  192  12:34  Zergling x24, Roach  
  196  12:47  Baneling x12  
  196  12:50  Drone x4  
  194  12:52  Queen  
  194  12:57  Baneling x4  
  195  13:07  Zergling x14  
  195  13:08  Zergling x2  
  188  13:14  Zergling x16  
  188  13:15  Zergling x12  
  188  13:17  Roach, Zergling x14  
  196  13:23  Corruptor  
  196  13:24  Corruptor x3  
  196  13:25  Roach  
  195  13:29  Drone  
  195  13:30  Drone x3  
  195  13:33  Corruptor  
  196  13:39  Drone x9  
  195  13:42  Baneling  
  195  13:43  Baneling x7  
  192  13:53  Corruptor x5  
  196  13:55  Nydus Canal  
  196  14:02  Roach, Zergling x8  
  186  14:05  Zergling x4  
  186  14:09  Zergling x6  
  175  14:15  Ravager  
  175  14:16  Zergling x10  
Show
View Real Time Build Order
Export as new Build Order

HeRoMaRinE Terran 

Build Orders: Reaper Expand, Mech 

Get SALT Encoding   

  12  0:00  SCV  
  13  0:12  SCV  
  14  0:17  Supply Depot  
  14  0:24  SCV  
  15  0:38  SCV  
  15  0:39  Barracks  
  16  0:44  Refinery  
  16  0:50  SCV  
  17  1:03  SCV  
  18  1:15  SCV  
  19  1:26  Reaper  
  19  1:27  Orbital Command  
  20  1:39  Command Center  
  20  1:48  Supply Depot  
  20  1:52  SCV  
  21  1:58  Marine  
  22  2:04  SCV  
  22  2:07  Factory  
  23  2:12  Refinery  
  23  2:16  SCV  
  23  2:21  Barracks Reactor  
  24  2:28  SCV  
  25  2:40  SCV  
  26  2:52  SCV, Starport, Orbital Command  
  27  3:03  Hellion x2  
  27  3:04  SCV  
  32  3:17  Marine, SCV  
  32  3:18  SCV  
  35  3:24  Hellion x2  
  39  3:29  SCV  
  39  3:30  SCV  
  39  3:31  Fusion Core  
  41  3:34  Starport Tech Lab  
  41  3:35  Supply Depot  
  41  3:41  SCV  
  42  3:42  SCV  
  42  3:46  Supply Depot  
  43  3:53  SCV  
  46  3:56  SCV  
  46  4:00  Hellion x2  
  49  4:05  SCV  
  49  4:08  SCV, Command Center  
  51  4:20  Battlecruiser  
  51  4:23  SCV x2  
  59  4:30  Supply Depot  
  59  4:33  Refinery  
  59  4:34  Refinery  
  59  4:35  SCV x2  
  61  4:44  Factory Tech Lab  
  60  4:46  Marine x2  
  60  4:47  Bunker  
  60  4:51  Supply Depot, SCV x2  
  64  5:03  Siege Tank, SCV x2  
  64  5:05  Supply Depot  
  71  5:15  SCV x2  
  71  5:20  Orbital Command  
  69  5:25  Battlecruiser  
  69  5:27  SCV  
  76  5:31  Marine x2  
  76  5:33  Weapon Refit  
  76  5:34  SCV  
  78  5:39  SCV  
  79  5:46  SCV  
  79  5:49  Factory  
  80  5:52  SCV  
  80  5:53  Supply Depot  
  80  5:55  Orbital Command  
  81  5:57  Supply Depot  
  81  5:58  SCV  
  81  6:00  Factory  
  81  6:04  Hellion, SCV  
  85  6:05  Hellion  
  85  6:10  SCV  
  88  6:12  Supply Depot  
  88  6:16  SCV  
  87  6:22  SCV x2  
  89  6:28  SCV  
  89  6:31  Hellion  
  89  6:32  Hellion  
  94  6:34  SCV x2  
  96  6:40  SCV  
  96  6:46  SCV  
  96  6:47  SCV  
  93  6:48  Siege Tank, Battlecruiser  
  93  6:49  Factory Tech Lab  
  93  6:52  SCV  
  103  6:54  Refinery  
  103  6:55  Refinery  
  103  6:58  SCV  
  103  6:59  Armory, SCV  
  103  7:00  Armory  
  105  7:04  SCV  
  105  7:07  Supply Depot  
  110  7:10  SCV  
  110  7:11  SCV  
  110  7:13  Siege Tank, Command Center  
  111  7:16  SCV  
  111  7:20  Siege Tank  
  111  7:22  SCV  
  116  7:23  SCV  
  116  7:28  SCV  
  116  7:29  Supply Depot x2  
  118  7:31  Hellion x2  
  118  7:34  SCV  
  118  7:35  SCV  
  124  7:39  Infernal Pre-Igniter  
  124  7:40  Mag-Field Accelerator, SCV  
  124  7:41  Supply Depot  
  125  7:45  Cyclone  
  125  7:46  SCV  
  129  7:52  Cyclone  
  129  7:53  Hellion x2  
  129  7:54  Supply Depot, SCV x2  
  138  7:58  SCV  
  138  7:59  Terran Vehicle Weapons Level 1  
  138  8:00  Engineering Bay  
  139  8:14  Hellion x2  
  139  8:16  Supply Depot  
  143  8:20  Cyclone  
  143  8:22  Factory  
  143  8:24  Factory  
  146  8:28  Cyclone, Command Center  
  149  8:37  Hellion  
  149  8:38  Hellion  
  149  8:39  SCV  
  149  8:40  SCV x2  
  156  8:53  Cyclone, Refinery  
  159  8:56  Refinery  
  159  8:59  Hellion x2  
  159  9:00  Cyclone  
  166  9:09  Factory Reactor, Starport, Factory Tech Lab  
  166  9:11  Starport  
  166  9:17  Command Center  
  166  9:19  Command Center  
  166  9:25  Hellion x2, Cyclone  
  166  9:27  Cyclone  
  176  9:32  Cyclone  
  176  9:41  SCV  
  176  9:42  SCV x2  
  176  9:45  Orbital Command  
  165  9:47  Viking  
  165  9:50  Hellion  
  165  9:52  Hellion  
  169  9:54  Hellion, SCV x3  
  169  9:57  Cyclone  
  169  9:59  Planetary Fortress, Cyclone  
  180  10:01  Refinery  
  180  10:04  Refinery  
  180  10:06  SCV  
  181  10:07  Terran Vehicle And Ship Armor Level 1  
  181  10:17  Hellion x2  
  181  10:19  Cyclone  
  187  10:26  Hellion  
  187  10:27  Hellion  
  173  10:29  Cyclone  
  173  10:31  Cyclone  
  150  10:48  Starport Reactor x2  
  150  10:49  Advanced Ballistics  
  150  10:51  Hellion x4  
  150  10:54  SCV x2, Orbital Command  
  150  10:55  Liberator  
  150  10:56  SCV x2  
  162  11:06  SCV x2  
  162  11:07  Planetary Fortress  
  162  11:08  SCV x2  
  169  11:17  Hellion  
  169  11:18  Cyclone  
  169  11:22  Cyclone, Liberator x3  
  169  11:23  Liberator  
  157  11:32  Hellion x2  
  140  11:45  Cyclone  
  146  11:50  Sensor Tower  
  146  11:53  Cyclone  
  146  11:54  Cyclone  
  152  11:58  Liberator  
  152  11:59  Hellion x2  
  156  12:02  Hellion x2  
  160  12:17  Cyclone  
  160  12:21  Hellion x2  
  170  12:25  Hellion, Cyclone  
  166  12:33  Cyclone  
  166  12:36  Liberator x3  
  160  12:38  Orbital Command  
  160  12:41  Hellion x8  
  160  12:49  Cyclone  
  163  12:51  SCV x3  
  163  12:56  Hellion  
  163  12:57  Hellion  
  173  13:07  Cyclone  
  162  13:13  Cyclone  
  162  13:17  Liberator x2  
  162  13:18  Hellion  
  135  13:21  Cyclone  
  135  13:24  Hellion  
  135  13:25  Hellion  
  138  13:28  Hellion  
  140  13:39  Hellion  
  148  13:44  Hellion  
  148  13:45  Cyclone  
  153  13:49  Hellion x2  
  151  14:00  Hellion  
  151  14:02  Cyclone  
  147  14:05  Hellion x2  
  117  14:10  Hellion x2  
  109  14:18  Hellion  
  107  14:22  Hellion  
  107  14:26  Cyclone  
  107  14:27  Hellion  
Tags
 
Add a new tag
Caveats
  • Supply blocks, unpowered buildings, or Contaminate may cause inaccurate times.
  • Supply counts are checked every 10 seconds.